[ PARTIDA AOE2 · #488853421 ]
UnrankedCeltas vs Poles
Equipo del jugador · VICT
Equipo rival · DERR
[ ANÁLISIS DE REPETICIÓN · EXTRAÍDO DE LA PARTIDA GRABADA ]
Feudal
—
Castillos
—
Imperial
—
| APM promedio | 93.2 |
| APM pico | 176 |
| eAPM promedio | 63.9 |
| Aldeanos / militares | 162 / 182 |
Foco
⚔️ 67.2% · 🌾 32.8%
Woad Raider ×94 · Spearman ×35 · Knight ×23 · Archer ×11 · Battering Ram ×11 · Militia ×6
Feudal
8:34
Castillos
22:29
Imperial
42:53
| APM promedio | 56.8 |
| APM pico | 85 |
| eAPM promedio | 28.8 |
| Aldeanos / militares | 146 / 112 |
Foco
⚔️ 34.9% · 🌾 65.1%
Knight ×33 · Spearman ×26 · Obuch ×22 · Skirmisher ×8 · Battering Ram ×8 · Scout Cavalry ×6
Mapa de la partida
Recursos iniciales + cada clic de construcción. Líneas = muros · curvas = relieve. ◆ oro · ⬟ piedra · ● bayas · ✦ reliquia · ◌ hueco del cierre
Tu base· ✓ Cerrada en 18:56 · 41t muro · 1 puerta(s)
Base de _FJ_马爆哥· ✓ Cerrada en 22:29 · 38t muro · 2 puerta(s)
Terreno inicial suavizado · ◌ = hueco del cierre detectado · pasá el cursor para detalles
Inputs por minuto
— Saturno 1343 - - _FJ_马爆哥
Build order — Saturno 1343
Primeras 150 de 515 acciones detectadas
| 0:00 | Encolar | Villager (Male) |
| 0:01 | Encolar | Villager (Male) |
| 0:02 | Construir | House |
| 0:02 | Construir | House |
| 0:12 | Encolar | Villager (Male) |
| 0:12 | Encolar | Villager (Male) |
| 1:23 | Encolar | Villager (Male) |
| 1:23 | Encolar | Villager (Male) |
| 1:47 | Encolar | Villager (Male) |
| 1:57 | Construir | Lumber Camp |
| 2:15 | Encolar | Villager (Male) |
| 2:36 | Encolar | Villager (Male) |
| 2:36 | Encolar | Villager (Male) |
| 3:15 | Encolar | Villager (Male) |
| 3:15 | Encolar | Villager (Male) |
| 3:32 | Encolar | Villager (Male) |
| 3:51 | Construir | House |
| 3:56 | Construir | House |
| 4:18 | Encolar | Villager (Male) |
| 4:25 | Encolar | Villager (Male) |
| 4:46 | Construir | Barracks |
| 5:06 | Encolar | Villager (Male) |
| 5:07 | Encolar | Villager (Male) |
| 5:15 | Encolar | Villager (Male) |
| 5:17 | Encolar | Villager (Male) |
| 5:17 | Encolar | Villager (Male) |
| 5:32 | Construir | House |
| 6:02 | Investigar | Loom |
| 6:31 | Construir | Mining Camp |
| 6:49 | Investigar | Feudal Age |
| 6:49 | Investigar | Feudal Age |
| 6:50 | Investigar | Feudal Age |
| 6:59 | Encolar | Militia |
| 7:17 | Encolar | Militia |
| 7:17 | Encolar | Militia |
| 7:32 | Encolar | Villager (Male) |
| 7:43 | Encolar | Militia |
| 7:43 | Encolar | Militia |
| 8:09 | Encolar | Militia |
| 8:16 | Construir | House |
| 8:29 | Encolar | Villager (Male) |
| 9:02 | Construir | Archery Range |
| 9:05 | Investigar | Man-at-Arms (upgrade) |
| 9:29 | Construir | House |
| 9:31 | Construir | Palisade Wall |
| 9:32 | Construir | Palisade Wall |
| 9:37 | Encolar | Villager (Male) |
| 9:39 | Encolar | Villager (Male) |
| 9:47 | Construir | Mill |
| 9:53 | Construir | House |
| 9:54 | Construir | Palisade Wall |
| 9:55 | Encolar | Villager (Male) |
| 10:21 | Encolar | Archer |
| 10:21 | Encolar | Archer |
| 10:40 | Construir | Farm |
| 10:41 | Construir | Farm |
| 10:57 | Encolar | Villager (Male) |
| 11:18 | Construir | Palisade Wall |
| 11:20 | Construir | Palisade Wall |
| 11:26 | Construir | Palisade Wall |
| 11:30 | Construir | Stone Wall |
| 11:34 | Construir | Stone Wall |
| 11:39 | Encolar | Villager (Male) |
| 11:42 | Construir | House |
| 11:45 | Construir | Palisade Wall |
| 11:47 | Construir | Palisade Wall |
| 11:48 | Construir | Palisade Wall |
| 11:49 | Construir | Palisade Wall |
| 11:53 | Construir | Palisade Wall |
| 11:54 | Construir | Palisade Wall |
| 11:56 | Construir | Palisade Wall |
| 11:58 | Construir | Palisade Wall |
| 12:04 | Construir | Palisade Wall |
| 12:17 | Encolar | Spearman |
| 12:19 | Encolar | Archer |
| 12:19 | Encolar | Archer |
| 12:21 | Construir | Farm |
| 12:32 | Construir | Farm |
| 12:34 | Construir | Farm |
| 12:41 | Encolar | Villager (Male) |
| 12:53 | Construir | Farm |
| 13:06 | Construir | Farm |
| 13:10 | Encolar | Villager (Male) |
| 13:13 | Encolar | Archer |
| 13:13 | Encolar | Archer |
| 13:25 | Construir | House |
| 13:27 | Construir | Palisade Wall |
| 13:31 | Construir | Farm |
| 13:32 | Construir | Farm |
| 13:37 | Encolar | Villager (Male) |
| 13:39 | Encolar | Archer |
| 13:41 | Construir | Farm |
| 13:46 | Encolar | Villager (Male) |
| 13:54 | Construir | Blacksmith |
| 13:59 | Encolar | Villager (Male) |
| 14:08 | Encolar | Archer |
| 14:10 | Encolar | Villager (Male) |
| 14:20 | Construir | Palisade Gate |
| 14:22 | Encolar | Villager (Male) |
| 14:23 | Construir | House |
| 14:24 | Construir | Palisade Wall |
| 14:35 | Encolar | Villager (Male) |
| 14:48 | Encolar | Villager (Male) |
| 14:55 | Encolar | Villager (Male) |
| 15:02 | Investigar | Fletching |
| 15:07 | Encolar | Spearman |
| 15:08 | Encolar | Villager (Male) |
| 15:09 | Encolar | Villager (Male) |
| 15:12 | Construir | House |
| 15:13 | Encolar | Villager (Male) |
| 15:16 | Construir | House |
| 15:16 | Construir | Palisade Wall |
| 15:20 | Construir | Farm |
| 15:34 | Encolar | Villager (Male) |
| 15:43 | Encolar | Archer |
| 15:46 | Encolar | Villager (Male) |
| 15:53 | Encolar | Villager (Male) |
| 16:00 | Encolar | Villager (Male) |
| 16:07 | Encolar | Villager (Male) |
| 16:08 | Encolar | Villager (Male) |
| 16:10 | Construir | Farm |
| 16:12 | Construir | Farm |
| 16:20 | Encolar | Villager (Male) |
| 16:21 | Encolar | Villager (Male) |
| 16:22 | Construir | Farm |
| 16:25 | Encolar | Archer |
| 16:30 | Encolar | Villager (Male) |
| 16:42 | Encolar | Villager (Male) |
| 16:43 | Construir | Farm |
| 16:48 | Encolar | Villager (Male) |
| 16:48 | Encolar | Villager (Male) |
| 16:50 | Construir | Farm |
| 17:07 | Investigar | Double-Bit Axe |
| 17:08 | Encolar | Villager (Male) |
| 17:17 | Encolar | Archer |
| 17:20 | Encolar | Villager (Male) |
| 17:24 | Construir | Stone Wall |
| 17:29 | Construir | Palisade Wall |
| 17:35 | Encolar | Villager (Male) |
| 17:36 | Construir | Farm |
| 17:42 | Encolar | Villager (Male) |
| 17:42 | Encolar | Villager (Male) |
| 17:44 | Construir | Farm |
| 17:46 | Encolar | Villager (Male) |
| 18:17 | Encolar | Villager (Male) |
| 18:19 | Construir | Farm |
| 18:20 | Encolar | Villager (Male) |
| 18:24 | Encolar | Villager (Male) |
| 18:36 | Construir | Palisade Wall |
| 18:56 | Investigar | Castle Age |
Build order — _FJ_马爆哥
Primeras 150 de 484 acciones detectadas
| 0:00 | Encolar | Villager (Male) |
| 0:01 | Encolar | Villager (Male) |
| 0:02 | Construir | House |
| 0:07 | Construir | House |
| 0:30 | Encolar | Villager (Male) |
| 0:31 | Encolar | Villager (Male) |
| 0:31 | Encolar | Villager (Male) |
| 1:25 | Encolar | Villager (Male) |
| 1:45 | Construir | Lumber Camp |
| 2:02 | Encolar | Villager (Male) |
| 2:20 | Encolar | Villager (Male) |
| 2:20 | Encolar | Villager (Male) |
| 2:49 | Encolar | Villager (Male) |
| 2:50 | Encolar | Villager (Male) |
| 3:12 | Encolar | Villager (Male) |
| 3:12 | Encolar | Villager (Male) |
| 3:25 | Construir | House |
| 3:45 | Encolar | Villager (Male) |
| 3:46 | Encolar | Villager (Male) |
| 3:46 | Encolar | Villager (Male) |
| 4:11 | Encolar | Villager (Male) |
| 4:11 | Encolar | Villager (Male) |
| 4:28 | Encolar | Villager (Male) |
| 4:50 | Encolar | Villager (Male) |
| 4:50 | Encolar | Villager (Male) |
| 5:17 | Construir | Mill |
| 5:35 | Encolar | Villager (Male) |
| 6:24 | Investigar | Feudal Age |
| 6:24 | Investigar | Feudal Age |
| 7:06 | Construir | Barracks |
| 7:47 | Encolar | Villager (Male) |
| 7:56 | Construir | Palisade Wall |
| 7:56 | Construir | Palisade Wall |
| 7:57 | Construir | Palisade Wall |
| 7:58 | Construir | Palisade Wall |
| 8:03 | Construir | Palisade Wall |
| 8:04 | Construir | Palisade Wall |
| 8:05 | Construir | Palisade Wall |
| 8:06 | Construir | Palisade Wall |
| 8:33 | Construir | Palisade Wall |
| 8:34 | Edad | Edad Feudal |
| 8:35 | Construir | Palisade Wall |
| 8:36 | Encolar | Villager (Male) |
| 8:45 | Construir | Stable |
| 8:47 | Investigar | Loom |
| 8:56 | Construir | Palisade Wall |
| 8:59 | Investigar | Double-Bit Axe |
| 9:17 | Encolar | Villager (Male) |
| 9:23 | Encolar | Scout Cavalry |
| 9:30 | Construir | Palisade Wall |
| 9:37 | Encolar | Scout Cavalry |
| 9:38 | Encolar | Villager (Male) |
| 9:40 | Construir | Farm |
| 9:43 | Construir | Farm |
| 9:57 | Encolar | Villager (Male) |
| 10:07 | Encolar | Villager (Male) |
| 10:08 | Construir | House |
| 10:09 | Construir | House |
| 10:14 | Construir | Farm |
| 10:43 | Construir | House |
| 10:44 | Construir | House |
| 10:46 | Encolar | Villager (Male) |
| 10:52 | Encolar | Scout Cavalry |
| 10:57 | Encolar | Villager (Male) |
| 11:10 | Construir | Farm |
| 11:16 | Encolar | Villager (Male) |
| 11:25 | Encolar | Villager (Male) |
| 11:46 | Encolar | Villager (Male) |
| 11:51 | Construir | Farm |
| 12:01 | Construir | Lumber Camp |
| 12:06 | Construir | Mining Camp |
| 12:19 | Encolar | Scout Cavalry |
| 12:30 | Encolar | Villager (Male) |
| 12:50 | Construir | Archery Range |
| 13:03 | Encolar | Villager (Male) |
| 13:05 | Construir | House |
| 13:07 | Construir | House |
| 13:17 | Encolar | Villager (Male) |
| 13:21 | Construir | Farm |
| 13:24 | Construir | Farm |
| 13:32 | Encolar | Archer |
| 13:43 | Construir | Farm |
| 13:47 | Encolar | Villager (Male) |
| 13:49 | Construir | Farm |
| 13:52 | Construir | House |
| 13:55 | Encolar | Archer |
| 14:13 | Construir | Farm |
| 14:16 | Encolar | Villager (Male) |
| 14:25 | Construir | Farm |
| 14:28 | Encolar | Archer |
| 14:39 | Encolar | Villager (Male) |
| 14:51 | Encolar | Villager (Male) |
| 14:51 | Encolar | Archer |
| 15:07 | Construir | Farm |
| 15:09 | Construir | Farm |
| 15:19 | Construir | Palisade Wall |
| 15:20 | Construir | Palisade Gate |
| 15:25 | Encolar | Villager (Male) |
| 15:45 | Encolar | Villager (Male) |
| 15:46 | Encolar | Skirmisher |
| 15:55 | Encolar | Villager (Male) |
| 15:59 | Construir | Blacksmith |
| 16:00 | Construir | House |
| 16:01 | Construir | House |
| 16:10 | Encolar | Skirmisher |
| 16:21 | Encolar | Skirmisher |
| 16:39 | Construir | House |
| 16:41 | Encolar | Villager (Male) |
| 16:42 | Construir | Blacksmith |
| 16:44 | Encolar | Skirmisher |
| 16:54 | Investigar | Fletching |
| 16:54 | Investigar | Fletching |
| 16:58 | Encolar | Skirmisher |
| 17:01 | Construir | Farm |
| 17:07 | Construir | Palisade Gate |
| 17:12 | Construir | House |
| 17:17 | Encolar | Villager (Male) |
| 17:34 | Encolar | Villager (Male) |
| 17:47 | Encolar | Villager (Male) |
| 17:58 | Construir | Farm |
| 18:04 | Construir | Farm |
| 18:23 | Encolar | Villager (Male) |
| 18:25 | Construir | Market |
| 18:27 | Construir | Palisade Wall |
| 18:40 | Construir | Farm |
| 18:49 | Encolar | Villager (Male) |
| 19:08 | Encolar | Villager (Male) |
| 19:47 | Investigar | Castle Age |
| 19:47 | Investigar | Castle Age |
| 19:58 | Investigar | Horse Collar |
| 20:06 | Construir | Stable |
| 20:17 | Encolar | Skirmisher |
| 20:21 | Investigar | Padded Archer Armor |
| 20:21 | Investigar | Padded Archer Armor |
| 20:33 | Encolar | Skirmisher |
| 20:48 | Construir | House |
| 21:00 | Construir | Farm |
| 21:13 | Investigar | Gold Mining |
| 21:13 | Investigar | Gold Mining |
| 21:39 | Encolar | Skirmisher |
| 21:54 | Encolar | Scout Cavalry |
| 21:55 | Encolar | Scout Cavalry |
| 21:58 | Investigar | Scale Barding Armor |
| 21:59 | Investigar | Scale Barding Armor |
| 22:23 | Investigar | Bloodlines |
| 22:23 | Investigar | Bloodlines |
| 22:29 | Edad | Edad de los Castillos |
| 22:32 | Investigar | Light Cavalry (upgrade) |
| 22:32 | Investigar | Light Cavalry (upgrade) |
| 22:34 | Encolar | Villager (Male) |
Cronología de la partida
| 4:46 | Saturno 1343 · first_building Barracks |
| 7:06 | _FJ_马爆哥 · first_building Barracks |
| 7:56 | _FJ_马爆哥 · wall_segment Palisade Wall x1 |
| 7:56 | _FJ_马爆哥 · wall_segment Palisade Wall x1 |
| 7:57 | _FJ_马爆哥 · wall_segment Palisade Wall x1 |
| 7:58 | _FJ_马爆哥 · wall_segment Palisade Wall x1 |
| 8:03 | _FJ_马爆哥 · wall_segment Palisade Wall x1 |
| 8:04 | _FJ_马爆哥 · wall_segment Palisade Wall x1 |
| 8:05 | _FJ_马爆哥 · wall_segment Palisade Wall x1 |
| 8:06 | _FJ_马爆哥 · wall_segment Palisade Wall x1 |
| 8:33 | _FJ_马爆哥 · wall_segment Palisade Wall x1 |
| 8:34 | _FJ_马爆哥 · age_up feudal |
| 8:35 | _FJ_马爆哥 · wall_segment Palisade Wall x5 |
| 8:45 | _FJ_马爆哥 · first_building Stable |
| 8:56 | _FJ_马爆哥 · wall_segment Palisade Wall x7 |
| 9:02 | Saturno 1343 · first_building Archery Range |
| 9:30 | _FJ_马爆哥 · wall_segment Palisade Wall x1 |
| 9:31 | Saturno 1343 · wall_segment Palisade Wall x3 |
| 9:32 | Saturno 1343 · wall_segment Palisade Wall x3 |
| 9:54 | Saturno 1343 · wall_segment Palisade Wall x8 |
| 11:18 | Saturno 1343 · wall_segment Palisade Wall x1 |
| 11:20 | Saturno 1343 · wall_segment Palisade Wall x1 |
| 11:26 | Saturno 1343 · wall_segment Palisade Wall x4 |
| 11:30 | Saturno 1343 · wall_segment Stone Wall x1 |
| 11:34 | Saturno 1343 · wall_segment Stone Wall x2 |
| 11:45 | Saturno 1343 · wall_segment Palisade Wall x1 |
| 11:47 | Saturno 1343 · wall_segment Palisade Wall x1 |
| 11:48 | Saturno 1343 · wall_segment Palisade Wall x2 |
| 11:49 | Saturno 1343 · wall_segment Palisade Wall x1 |
| 11:53 | Saturno 1343 · wall_segment Palisade Wall x1 |
| 11:54 | Saturno 1343 · wall_segment Palisade Wall x1 |
| 11:56 | Saturno 1343 · wall_segment Palisade Wall x1 |
| 11:58 | Saturno 1343 · wall_segment Palisade Wall x1 |
| 12:04 | Saturno 1343 · wall_segment Palisade Wall x1 |
| 12:50 | _FJ_马爆哥 · first_building Archery Range |
| 13:27 | Saturno 1343 · wall_segment Palisade Wall x1 |
| 14:24 | Saturno 1343 · wall_segment Palisade Wall x6 |
| 15:16 | Saturno 1343 · wall_segment Palisade Wall x1 |
| 15:19 | _FJ_马爆哥 · wall_segment Palisade Wall x9 |
| 17:24 | Saturno 1343 · wall_segment Stone Wall x1 |
| 17:29 | Saturno 1343 · wall_segment Palisade Wall x1 |
| 18:27 | _FJ_马爆哥 · wall_segment Palisade Wall x7 |
| 18:36 | Saturno 1343 · wall_segment Palisade Wall x1 |
| 19:30 | _FJ_马爆哥 · first_market_buy 100 food |
| 19:51 | Saturno 1343 · wall_segment Palisade Wall x1 |
| 19:56 | Saturno 1343 · first_building Stable |
| 20:04 | Saturno 1343 · wall_segment Palisade Wall x1 |
| 22:29 | _FJ_马爆哥 · age_up castle |
| 23:53 | Saturno 1343 · first_building Siege Workshop |
| 24:29 | _FJ_马爆哥 · first_building Monastery |
| 24:36 | Saturno 1343 · first_building Monastery |
| 27:31 | _FJ_马爆哥 · wall_segment Palisade Wall x1 |
| 27:32 | _FJ_马爆哥 · wall_segment Palisade Wall x1 |
| 27:33 | _FJ_马爆哥 · wall_segment Palisade Wall x1 |
| 27:33 | _FJ_马爆哥 · wall_segment Palisade Wall x1 |
| 27:52 | Saturno 1343 · first_building Castle |
| 30:21 | Saturno 1343 · first_market_buy 100 food |
| 32:18 | _FJ_马爆哥 · first_building Castle |
| 34:28 | _FJ_马爆哥 · first_building Siege Workshop |
| 38:29 | Saturno 1343 · wall_segment Stone Wall x1 |
| 39:41 | _FJ_马爆哥 · first_market_sell 100 food |
| 40:18 | Saturno 1343 · first_market_sell 100 wood |
| 42:44 | _FJ_马爆哥 · wall_segment Stone Wall x7 |
| 42:53 | _FJ_马爆哥 · age_up imperial |
| 44:45 | _FJ_马爆哥 · resign |
[ ANÁLISIS IA · 1 CRÉDITO ]
¿Qué pasó realmente en esta partida?
Wolo.gg analiza cada decisión: build order, eco, micro, errores típicos por bracket. Análisis personalizado por WhatsApp o Discord en 30 segundos.
Guía civ
Celtas
Perfil
Jugador #24977465